 Dungeon Crawl Stone Soup version 0.24.0-35-gdb84b6a5db (webtiles) character file.

Game seed: 14463631482579522051, levelgen mode: deterministic

28499 Gumption the Carver (level 13, -1/105 HPs)
             Began as a Barachi Fighter on Nov 17, 2019.
             Was a High Priest of Makhleb.
             Slain by a large abomination (24 damage)
             ... while paralysed by you
             ... on level 2 of the Abyss.
             The game lasted 02:05:21 (15824 turns).

Gumption the Carver (Barachi Fighter)              Turns: 15824, Time: 02:05:22

Health: -1/105     AC: 12    Str: 25    XL:     13   Next: 39%
Magic:  18/18      EV:  5    Int: 11    God:    Makhleb [*****.]
Gold:   208        SH:  0    Dex: 12    Spells: 10/14 levels left

rFire    . . .     SeeInvis .   (weapon currently unavailable)
rCold    . . .     Gourm    .   (shield currently unavailable)
rNeg     + + +     Faith    .   (armour currently unavailable)
rPois    +         Spirit   .   (helmet currently unavailable)
rElec    .         Reflect  .   (cloak currently unavailable)
rCorr    .         Harm     .   (gloves currently unavailable)
MR       +....                  (boots currently unavailable)
Stlth    +.........             (no amulet)
HPRegen  0.27/turn              g - ring of protection from magic
MPRegen  0.16/turn              W - +5 ring of strength

@: paralysed, about to teleport, fungus-form (expiring), hasted and slowed,
lightly drained
A: tiny, +LOS, swims
a: Minor Destruction, Lesser Servant of Makhleb, Major Destruction, Greater
Servant of Makhleb, Renounce Religion


You were on level 2 of the Abyss.
You worshipped Makhleb.
Makhleb was extremely pleased with you.
You were not hungry.
You were a sentient fungus.
You visited 3 branches of the dungeon, and saw 15 of its levels.
You visited the Abyss 1 time.
You also visited: Sewer.

You collected 889 gold pieces.
You spent 681 gold pieces at shops.

Inventory:

Hand Weapons
 a - a +1 long sword of flaming (melded)
 b - a +0 hunting sling
 f - the +4 lajatang "Worm's Wrath" {slice, rPois rF- Int+4 Dex+2, unknown}
   (You acquired it on level 10 of the Dungeon)

   It inflicts extra damage upon your enemies.
   It affects your intelligence (+4).
   It affects your dexterity (+2).
   It makes you vulnerable to fire.
   It protects you from poison.
Missiles
 i - 101 sling bullets
 l - 11 poisoned darts
 o - 3 curare-tipped darts (quivered)
 B - 16 boomerangs
 D - a silver javelin
 L - 3 javelins
Armour
 c - a +0 shield (melded)
 n - a +1 cloak (melded)
 w - the +2 pair of boots of an ice cave (melded) {rF+ MR- Str+3}
   (You bought it in a shop on level 10 of the Dungeon)

   It affects your strength (+3).
   It protects you from fire.
   It affects your resistance to hostile enchantments.
 C - the +8 plate armour of Bauseg Zats (melded) {rPois}
   (You found it on level 5 of the Dungeon)

   It protects you from poison.
 I - a +1 pair of boots
 J - a +1 pair of gloves (melded)
 V - a +0 helmet (melded)
Jewellery
 g - a ring of protection from magic (left hypha)
 q - an uncursed ring of poison resistance
 x - an uncursed ring of flight {unknown}
 G - an uncursed amulet of faith {unknown}
 K - an uncursed ring of wizardry
 N - an uncursed ring of resist corrosion
 T - an uncursed amulet of guardian spirit {unknown}
 W - a +5 ring of strength (right hypha)
Wands
 u - a wand of enslavement (17)
 y - a wand of paralysis (17)
 z - a wand of polymorph (10)
 H - a wand of flame (40)
 S - a wand of iceblast (14)
Scrolls
 k - 4 scrolls of fog
 v - 9 scrolls of teleportation
 A - 5 scrolls of fear
 E - 4 scrolls of enchant armour
 F - 2 scrolls of remove curse
 O - 2 scrolls of identify
Potions
 d - 2 potions of mutation
 h - 4 potions of agility
 j - 8 potions of brilliance
 m - 3 potions of lignification
 p - a potion of curing
 r - a potion of flight {unknown}
 s - 2 potions of berserk rage
 t - 2 potions of heal wounds {unknown}
 M - a potion of ambrosia {unknown}
 Q - a potion of magic {unknown}
 R - 2 potions of haste
Comestibles
 e - 17 rations


   Skills:
 + Level 10.9(10.4) Fighting
 - Level 14.0(13.4) Long Blades
 + Level 11.0(10.5) Armour
 * Level 13.3(12.8) Shields
 - Level 1.1(0.7) Spellcasting
 - Level 1.2(0.8) Summonings
 - Level 1.2(0.9) Air Magic
 + Level 6.9(6.4) Invocations


You had 10 spell levels left.
You knew the following spells:

 Your Spells              Type           Power        Failure   Level  Hunger
a - Summon Lightning Spi  Summ/Air       #.......     93%         4    #####..

Your spell library contained the following spells:

 Spells                   Type           Power        Failure   Level  Hunger
 Summon Small Mammal      Summ           #...         24%         1    ##.....
 Animate Skeleton         Necr           N/A          32%         1    ##.....
 Apportation              Tloc           #.....       32%         1    ##.....
 Confusing Touch          Hex            #.....       32%         1    ##.....
 Corona                   Hex            #......      32%         1    ##.....
 Call Imp                 Summ           #.......     34%         2    ###....
 Ensorcelled Hibernation  Hex/Ice        #.....       45%         2    ###....
 Call Canine Familiar     Summ           #.......     56%         3    ####...
 Summon Guardian Golem    Hex/Summ       #.......     63%         3    ####...
 Confuse                  Hex            #.......     69%         3    ####...
 Dazzling Spray           Conj/Hex       #.....       69%         3    ####...
 Tukima's Dance           Hex            #.......     69%         3    ####...
 Summon Ice Beast         Ice/Summ       #.......     95%         4    #####..
 Bolt of Magma            Conj/Fire/Erth #.........   100%        5    ######.
 Iskenderun's Battlesphe  Conj/Chrm      #.......     100%        5    ######.
 Venom Bolt               Conj/Pois      #.........   100%        5    ######.
 Iron Shot                Conj/Erth      #.........   100%        6    #######
 Orb of Destruction       Conj           #.........   100%        7    #######
 Spellforged Servitor     Conj/Summ      #.........   100%        7    #######


Dungeon Overview and Level Annotations

Branches:
Dungeon (10/15)            Temple (1/1) D:5            Lair (4/6) D:8
  Snake (0/4) Lair:3          Orc (0/2) D:9           Sewer (visited)
  Swamp: Lair:2-4    Shoals: Lair:2-4

Altars:
Ashenzari
Cheibriados
Dithmenos
Elyvilon
Fedhas
Gozag
Hepliaklqana
Kikubaaqudgha
Makhleb
Nemelex Xobeh
Okawaru
Qazlal
Ru
Sif Muna
Trog
Uskayaw
Vehumet
Wu Jian
Xom
Yredelemnul
Zin
The Shining One

Shops:
D:7 *   D:9 [   D:10 [([=[

Portals:
Trove: D:10 (show slimy rune of Zot)

Annotations:
D:6 5 runed translucent doors
Lair:4 Sonja


Innate Abilities, Weirdness & Mutations

Shadows flee at your approach. (+LOS)
You can swim through water.
((You cover ground slowly.))
((You can hop long distances.))


Message History

As you read the scroll of teleportation, it crumbles to dust.
You feel strangely unstable.
You feel the power of the Abyss delaying your translocation!
You are engulfed in seething chaos.
The apocalypse crab is engulfed in seething chaos.
The apocalypse crab suddenly stops moving!
Press: ? - help, Shift-Dir - straight line, f - large abomination
Aim: a large abomination You hear a mighty clap of thunder!
The bolt of lightning hits the large abomination.
The large abomination is lightly damaged.
You are engulfed in seething chaos.
You feel yourself slow down.
You hear a shout! x3
You feel better.
You are engulfed in seething chaos.
You suddenly lose the ability to move!
The apocalypse crab is engulfed in seething chaos.
The apocalypse crab burns!
The large abomination hits you!!
You die...

.# ..##...###..# # .#
....§. ..... .
.##.##.#..##.... .
$..#...#.....# .
##..#....##. #..
......#(. .#...# #
#....#.# .. . ..#
#.X..#....## .. # .
.. #f.{.###..#.#...#
.....###.###.......#
#. . ##......#. #
.##. ....... .## ..
.... ..#.......# #.
....#...#.#... # .
#.....##.#...#....≈#.
...## #.. .#.....## .
# ..# # .....#


You could see a large abomination.

Vanquished Creatures
  A tentacled starspawn (Abyss:1)
  Snorg (D:10)
  Josephine (D:10)
  A hydra (Lair:2)
  Harold (D:8)
  Urug (Lair:1)
  3 death yaks (Lair:3)
  An ugly thing (D:10)
  2 black mambas
  Joseph (D:7)
  4 spiny frogs
  3 komodo dragons
  A troll (D:9)
  Grinder (Sewer)
  A hornet (D:9)
  18 blink frogs
  4 hippogriffs
  20 yaks
  3 basilisks
  8 wraiths
  A steam dragon (Lair:2)
  Duvessa (D:7)
  4 porcupines
  8 water moccasins
  4 orc warriors
  2 black bears
  A sky beast (D:9)
  3 ice beasts
  3 phantoms
  A necrophage (D:9)
  3 wolves (Lair:2)
  5 ogres
  4 centaurs
  2 crocodiles
  An elf zombie (D:9)
  4 big kobolds
  9 bullfrogs
  Dowan (D:7)
  3 scorpions
  13 killer bees
  3 wights (D:6)
  6 howler monkeys
  A centaur zombie (D:3)
  4 hounds
  2 quasits
  3 crimson imps
  2 jellies (D:5)
  Crazy Yiuf (D:2)
  3 bullfrog skeletons
  2 orc priests (D:4)
  2 centaur skeletons
  7 orc wizards
  2 human zombies (D:9)
  2 human skeletons (D:9)
  2 iguanas
  3 worker ants
  Natasha (thrice) (D:2)
  An ogre zombie (D:9)
  2 big kobold zombies (Sewer)
  3 hound zombies
  3 mummies (D:9)
  A hound skeleton (D:6)
  7 gnolls (D:7)
  A howler monkey skeleton (D:9)
  12 adders
  7 shadow imps
  An ufetubus (Sewer)
  4 oozes
  3 adder skeletons
  A worm (D:2)
  A dart slug (D:1)
  9 leopard geckos
  37 orcs
  12 bats
  11 giant cockroaches
  14 goblins
  11 hobgoblins
  4 jackals (D:5)
  30 kobolds
  5 quokkas
  3 ball pythons
  8 frilled lizards
  2 giant cockroach zombies (D:5)
  A quokka zombie (D:8)
  5 rats
396 creatures vanquished.

Vanquished Creatures (collateral kills)
  Nessos (Lair:4)
  A manticore (Lair:4)
  A hippogriff (Lair:4)
  3 blink frogs (Lair:4)
  A wyvern (Lair:4)
  2 water moccasins (Lair:4)
  A bullfrog (Lair:4)
10 creatures vanquished.

Vanquished Creatures (others)
  An ooze (Sewer)
  An adder zombie (Sewer)
  2 fungi
  A plant (Lair:2)
  4 starspawn tentacles (Abyss:1)
9 creatures vanquished.

Grand Total: 415 creatures vanquished

Notes
Turn   | Place    | Note
-------+----------+-------------------------------------------
     0 | D:1      | Gumption the Barachi Fighter began the quest for the Orb.
     0 | D:1      | Reached XP level 1. HP: 18/18 MP: 1/1
    98 | D:1      | Reached XP level 2. HP: 25/25 MP: 2/2
   327 | D:1      | Reached skill level 3 in Long Blades
   412 | D:1      | Reached XP level 3. HP: 30/30 MP: 3/3
  1049 | D:2      | Found a shattered altar of Ashenzari.
  1096 | D:2      | Found a shimmering blue altar of Sif Muna.
  1128 | D:2      | Noticed a centaur
  1140 | D:2      | Killed a centaur
  1140 | D:2      | Reached skill level 4 in Long Blades
  1140 | D:2      | Reached XP level 4. HP: 20/37 MP: 4/4
  1140 | D:2      | Reached XP level 5. HP: 22/42 MP: 5/5
  1339 | D:2      | Noticed Natasha
  1349 | D:2      | Killed Natasha
  1427 | D:2      | Found a runed translucent door.
  1428 | D:2      | Noticed Crazy Yiuf
  1470 | D:2      | Noticed Natasha
  1482 | D:2      | Killed Natasha
  1512 | D:2      | Noticed Natasha
  1519 | D:2      | Killed Natasha
  1586 | D:2      | Reached XP level 6. HP: 42/49 MP: 6/6
  1589 | D:2      | Reached skill level 5 in Shields
  1710 | D:2      | Found a radiant altar of Vehumet.
  1849 | D:2      | Killed Crazy Yiuf
  2042 | D:3      | Reached skill level 5 in Long Blades
  2094 | D:3      | Found a faded altar of an unknown god.
  2241 | D:3      | Found a glowing drain.
  2256 | Sewer    | Entered a sewer
  2377 | Sewer    | HP: 2/49 [poisoned by a kobold]
  2839 | Sewer    | Reached XP level 7. HP: 36/55 MP: 7/7
  2883 | Sewer    | Reached skill level 5 in Armour
  3051 | Sewer    | Reached skill level 5 in Fighting
  3088 | Sewer    | Found a burning altar of Makhleb.
  3106 | Sewer    | Became a worshipper of Makhleb the Destroyer
  3281 | Sewer    | Noticed Grinder
  3305 | Sewer    | Killed Grinder
  3305 | Sewer    | Reached skill level 6 in Long Blades
  3564 | D:3      | Reached XP level 8. HP: 63/63 MP: 8/8
  3684 | D:3      | Found a glowing golden altar of the Shining One.
  3711 | D:3      | Found a shadowy altar of Dithmenos.
  4288 | D:4      | Reached skill level 7 in Long Blades
  4304 | D:4      | Reached * piety under Makhleb
  4318 | D:4      | Learned a level 4 spell: Summon Lightning Spire
  4760 | D:4      | You fall into a shaft and drop 2 floors!
  4775 | D:6      | Found the +9 staff of Olgreb {rPois}
  4803 | D:6      | Found a runed translucent gate.
  4803 | D:6      | Found a runed translucent gate.
  4806 | D:6      | Found a runed translucent door.
  4806 | D:6      | Found a runed translucent gate.
  4826 | D:6      | Found a runed translucent door.
  4861 | D:6      | Reached skill level 1 in Summonings
  4861 | D:6      | Reached skill level 1 in Air Magic
  4872 | D:5      | Entered Level 5 of the Dungeon
  5105 | D:5      | Reached skill level 1 in Spellcasting
  5131 | D:5      | Found a staircase to the Ecumenical Temple.
  5376 | D:5      | Reached ** piety under Makhleb
  5392 | D:5      | Got a bloodstained plate armour
  5584 | Temple   | Entered the Ecumenical Temple
  6248 | D:5      | Reached XP level 9. HP: 69/69 MP: 10/10
  6800 | D:6      | Reached skill level 8 in Long Blades
  6813 | D:6      | Reached skill level 1 in Invocations
  7637 | D:7      | Noticed Duvessa
  7637 | D:7      | Noticed Dowan
  7649 | D:7      | Killed Duvessa
  7654 | D:7      | Killed Dowan
  7661 | D:7      | Noticed Joseph
  7667 | D:7      | Killed Joseph
  7667 | D:7      | Reached skill level 9 in Long Blades
  7789 | D:7      | Identified the +8 plate armour of Bauseg Zats {rPois} (You
                  | found it on level 5 of the Dungeon)
  8209 | D:7      | Reached *** piety under Makhleb
  8358 | D:7      | Found a sparkling altar of Nemelex Xobeh.
  8439 | D:7      | Found Qulen's Serpentskin Sales.
  8455 | D:7      | Reached XP level 10. HP: 76/79 MP: 10/12
  8470 | D:7      | Bought 3 curare-tipped darts for 23 gold pieces
  8535 | D:8      | Noticed Harold
  8569 | D:8      | Killed Harold
  8668 | D:8      | Reached skill level 10 in Long Blades
  9060 | D:8      | Found a staircase to the Lair.
  9122 | D:8      | Reached **** piety under Makhleb
  9341 | D:8      | Found a shadowy altar of Dithmenos.
  9421 | D:8      | Found a bloodstained altar of Trog.
  9650 | D:9      | Reached skill level 10 in Shields
  9915 | D:9      | Found a basalt altar of Yredelemnul.
 10013 | D:9      | Found a snail-covered altar of Cheibriados.
 10036 | D:9      | Reached XP level 11. HP: 78/87 MP: 14/14
 10090 | D:9      | Reached skill level 11 in Long Blades
 10162 | D:9      | Reached ***** piety under Makhleb
 10336 | D:9      | Found Xone's Armour Shoppe.
 10342 | D:9      | Bought a +0 helmet for 58 gold pieces
 10418 | D:9      | Found a stormy altar of Qazlal.
 10419 | D:9      | Found a hide-covered altar of Uskayaw.
 10425 | D:9      | Found a white marble altar of Elyvilon.
 10440 | D:9      | Found a staircase to the Orcish Mines.
 10754 | D:9      | Found an ancient bone altar of Kikubaaqudgha.
 10812 | D:10     | Entered Level 10 of the Dungeon
 10812 | D:10     | Found Baceeser's Armour Emporium.
 10855 | D:10     | Found Dehom's Antique Weapon Shop.
 10916 | D:10     | Found a sacrificial altar of Ru.
 10963 | D:10     | Noticed a red ugly thing
 10995 | D:10     | Killed a red ugly thing
 11059 | D:10     | Found Tebb's Antique Armour Boutique.
 11187 | D:10     | Found Zuto's Antique Armour Emporium.
 11190 | D:10     | Bought a pair of scorched boots for 275 gold pieces
 11200 | D:10     | Identified the +2 pair of boots of an ice cave {rF+ MR-
                  | Str+3} (You bought it in a shop on level 10 of the Dungeon)
 11359 | D:10     | Found a portal to a secret trove of treasure.
 11364 | D:10     | Found Ekliang's Jewellery Shop.
 11521 | D:10     | Noticed Snorg
 11552 | D:10     | Killed Snorg
 11869 | D:10     | Noticed Josephine
 11894 | D:10     | Killed Josephine
 12074 | D:10     | Identified a scroll of acquirement
 12075 | D:10     | Got a fine lajatang
 12148 | Lair:1   | Entered Level 1 of the Lair of Beasts
 12185 | D:8      | Reached skill level 5 in Invocations
 12187 | D:8      | Reached skill level 12 in Long Blades
 12500 | Lair:1   | Reached XP level 12. HP: 86/96 MP: 15/15
 12674 | Lair:1   | Noticed Urug
 12706 | Lair:1   | Killed Urug
 13128 | D:10     | Bought an uncursed ring of protection from magic for 325
                  | gold pieces
 13544 | Lair:2   | Reached skill level 10 in Armour
 13830 | Lair:2   | Noticed a five-headed hydra
 13900 | Lair:2   | Killed a one-headed hydra
 13900 | Lair:2   | Reached skill level 10 in Fighting
 13900 | Lair:2   | Reached skill level 13 in Long Blades
 14700 | Lair:3   | Found a staircase to the Snake Pit.
 14992 | Lair:4   | Noticed a death yak
 14995 | Lair:4   | Noticed a death yak
 14997 | Lair:4   | Noticed a death yak
 15024 | Lair:3   | Killed a death yak
 15024 | Lair:3   | Gained mutation: You can hop long distances. [Barachi
                  | growth]
 15024 | Lair:3   | Reached XP level 13. HP: 83/104 MP: 17/17
 15257 | Lair:4   | Noticed Nessos
 15265 | Lair:4   | Noticed Sonja
 15268 | Lair:4   | Killed Nessos
 15406 | Lair:4   | Reached skill level 14 in Long Blades
 15693 | Lair:4   | Cast into level 1 of the Abyss (Sonja)
 15728 | Abyss:1  | Noticed a tentacled starspawn
 15754 | Abyss:1  | Killed a tentacled starspawn
 15787 | Abyss:2  | Found a corrupted altar of Lugonu.
 15809 | Abyss:2  | Paralysed by you for 4 turns
 15821 | Abyss:2  | Paralysed by you for 6 turns
 15824 | Abyss:2  | Slain by a large abomination

Levels and vault maps discovered:
D:1:      roderic_chinese_lattice_arrival, layout_loops_cross
D:2:      cheibrodos_greedy_goblins, layout_rooms, vehumet_crystals,
          grunt_temple_overflow_open, first_ration, uniq_natasha,
          uniq_crazy_yiuf_cottage
D:3:      layout_loops_cross, overflow_temple_1_default, lemuel_round_altar,
          portal_sewer_entry_d, chequers_ecumenical_altar_island
D:4:      layout_basic, hangedman_abyss_or_decor_stabs
D:5:      layout_layer_cave, minmay_temple_entry_offerings, minivault_26,
          serial_park_tiny_pond
D:6:      layout_gridville, minmay_guarded_unrand_staff_of_olgreb
D:7:      layout_basic, nemelex_altar_shiori, guppyfry_shop_venom, uniq_joseph,
          uniq_duvessa
D:8:      cheibrodos_helix_gallery, layout_loops_ring, lightli_temple_of_fire,
          dpeg_oklobed_lair, blue_anna_alchemist [blue_anna_fruit_fields,
          blue_anna_fruit_fields], abandoned_shop,
          nicolae_dithmenos_through_a_glass_darkly, uniq_harold
D:9:      layout_loops_ring, lemuel_mausoleum_altar_yredelemnul,
          cheibriados_altar_1, minitemple, nicolae_overflow_hidden_temple,
          david_orc_2, serial_shops, shop_statue, serial_bayou_pond_e,
          palyth_stone_intersect, minmay_mirror_moons_of_madness
D:10:     layout_gridville, enter_trove_2, serial_shops, nicolae_shop_trees,
          shop, shop, nicolae_shop_window_shopping, kennysheep_mini,
          nicolae_ru_awakened_eye, uniq_josephine, uniq_snorg
Temple:   chequers_temple_sunken
Lair:1:   layout_gridlike, grunt_megastairs_5, serial_bayou_shore_b,
          infiniplex_staircase_pool_2, uniq_urug
Lair:2:   layout_roguey
Lair:3:   layout_regular_city, dummy_snake_entry, grunt_megastairs_3
Lair:4:   layout_gridlike, minmay_shoals_entry_beasts, grunt_megastairs_2,
          uniq_nessos, uniq_sonja
Abyss:2:  base: D:12, minivault_26

Skill      XL: |  1  2  3  4  5  6  7  8  9 10 11 12 13 |
---------------+----------------------------------------+-----
Long Blades    | 3 4 5 6 7 9 10 12 13 14 | 14.0
Shields        | 4 5 6 7 9 10 11 12 13 | 13.3
Fighting       | 4 5 6 7 8 9 10 | 10.9
Armour         | 4 5 6 7 8 9 10 11 | 11.0
Summonings     | 1 |  1.2
Air Magic      | 1 |  1.2
Spellcasting   | 1 |  1.1
Invocations    | 2 4 5 6 |  6.9

Action                   |  1- 3 |  4- 6 |  7- 9 | 10-12 | 13-15 || total
-------------------------+-------+-------+-------+-------+-------++-------
Melee: Long sword        |   147 |   201 |   500 |  1098 |   106 ||  2052
       Unarmed           |       |       |       |       |     1 ||     1
 Fire: Hunting sling     |       |       |     3 |       |       ||     3
Throw: Stone             |    15 |       |    29 |     1 |       ||    45
       Javelin           |       |     2 |    10 |    16 |       ||    28
       Boomerang         |       |       |    64 |    58 |       ||   122
       Dart              |       |       |       |    48 |    22 ||    70
Invok: Lesser Servant of |       |       |       |     3 |       ||     3
       Major Destruction |       |       |       |       |     3 ||     3
       Greater Servant o |       |       |       |       |     1 ||     1
 Abil: Hop               |       |       |       |     1 |     1 ||     2
  Use: Scroll            |       |     7 |     8 |    10 |     1 ||    26
       Potion            |       |       |     3 |     3 |     2 ||     8
  Eat: Chunk             |     1 |     6 |    15 |    12 |     3 ||    37
       Ration            |       |       |     2 |     4 |       ||     6
Armor: Scale mail        |    47 |       |       |       |       ||    47
       Plate armour      |    37 |   190 |   354 |   477 |    66 ||  1124
       Skin              |       |       |       |       |     4 ||     4
Dodge: Dodged            |    22 |    38 |    96 |   168 |    27 ||   351
Block: Shield            |    86 |   146 |   303 |   541 |    76 ||  1152
       Rpst.: Long sword |     8 |    10 |    25 |    39 |    10 ||    92
